[Event "Tuesday Night Round Robin Engine Tour 5m+1s Starts at 2200hrs ST"]
[Site "Infinity Chess"]
[Date "2018.1.23"]
[Round "3"]
[White "SkyPilot"]
[Black "angriff"]
[Result "1-0"]
[ECO "B00"]
[WhiteElo "2510"]
[BlackElo "2427"]
[WhiteEngine "stockfish_x64_bmi2_2018_01_13_CTG"]
[BlackEngine "Raubfisch ME262_GTZ16b2_CTG"]
[EventType "Round Robin"]
[WhiteTeam ""]
[BlackTeam ""]
[PlyCount "123"]
[TimeControl "300+1"]

1. e4 Nc6 2. d4 d5 3. e5 Bf5 4. c3 e6 5. Nd2 f6 6. f4 g5 7. Qh5+ Bg6 8. Qh3 Qd7 
9. Ngf3 gxf4 10. Bb5 O-O-O 11. O-O a6 12. Bxc6 Qxc6 13. Nb3 Bf5 14. Qh5 Bg6 
15. Qh4 Be7 16. Qe1 Be4 17. Bxf4 h5 18. a4 h4 19. h3 Kb8 20. Na5 Qd7 21. c4 Bxf3 
22. Rxf3 dxc4 23. Rc1 Qxd4+ 24. Kh2 Qd5 25. b3 b6 26. Nxc4 f5 27. a5 Bc5 
28. axb6 cxb6 29. Nd6 Ne7 30. Nf7 Nc6 31. Nxd8 Rxd8 32. Qxh4 Kb7 33. Rfc3 Nb4 
34. Rxc5 bxc5 35. Rxc5 Qxc5 36. Qxd8 Nd5 37. Qd7+ Ka8 38. Qd6 Qc8 39. Bg3 Kb7 
40. h4 Ne3 41. Qb4+ Ka8 42. Qb6 Nd5 43. Qd6 Kb7 44. Bf2 Qc6 45. Qxc6+ Kxc6 
46. h5 a5 47. h6 Ne7 48. Bh4 Ng6 49. h7 Kd5 50. Bf6 Ke4 51. Kg3 Nf4 
52. h8=Q Ne2+ 53. Kf2 Nd4 54. Qa8+ Kd3 55. Qa6+ Ke4 56. Qc4 f4 57. g4 f3 
58. Be7 a4 59. bxa4 Kxe5 60. Ke3 Nf5+ 61. Kd3 f2 62. Qe4# 1-0

[Event "Tuesday Night Round Robin Engine Tour 5m+1s Starts at 2200hrs ST"]
[Site "Infinity Chess"]
[Date "2018.1.23"]
[Round "2"]
[White "KhalidOmar"]
[Black "SkyPilot"]
[Result "1-0"]
[ECO "A46"]
[WhiteElo "2555"]
[BlackElo "2525"]
[WhiteEngine "Eman 1.67 64-bit BMI2"]
[BlackEngine "stockfish_x64_bmi2_2018_01_13_CTG"]
[EventType "Round Robin"]
[WhiteTeam ""]
[BlackTeam ""]
[PlyCount "110"]
[TimeControl "300+1"]

1. d4 Nf6 2. Nf3 d5 3. c4 c6 4. e3 e6 5. Nbd2 Nbd7 6. Bd3 Bd6 7. O-O O-O 
8. Re1 e5 9. cxd5 cxd5 10. e4 Re8 11. exd5 Nxd5 12. Qb3 N5f6 13. Ng5 Re7 
14. Nde4 Nxe4 15. Nxe4 exd4 16. Bg5 Nf8 17. Rac1 Be6 18. Nxd6 Qxd6 19. Bxe7 Qxe7 
20. Qa4 Qd6 21. a3 Qb6 22. Qb4 Qxb4 23. axb4 Rd8 24. b5 g6 25. Ra1 Bb3 
26. Ra3 Bd5 27. Rd1 Ne6 28. f3 Kg7 29. Rxa7 f5 30. h4 Kf6 31. Rd2 h6 32. b4 Rc8 
33. Ra5 Rd8 34. Kf2 Nf4 35. Bf1 Ne6 36. Bd3 Nf4 37. Bf1 Ne6 38. g3 Rc8 
39. b6 Rd8 40. Bd3 Rd6 41. Rc2 h5 42. Rc1 Bb3 43. f4 Bd5 44. Re1 Nd8 45. Re5 Bh1 
46. Rac5 Rxb6 47. Re1 Bc6 48. b5 Ne6 49. Rxe6+ Kxe6 50. bxc6 bxc6 51. Bc4+ Kd6 
52. Re5 Rb2+ 53. Re2 Rb7 54. Re6+ Kc5 55. Be2 Rb2 1-0

[Event "Tuesday Night Round Robin Engine Tour 5m+1s Starts at 2200hrs ST"]
[Site "Infinity Chess"]
[Date "2018.1.23"]
[Round "2"]
[White "BraveDevil"]
[Black "Eman"]
[Result "1/2-1/2"]
[ECO "D31"]
[WhiteElo "2436"]
[BlackElo "2517"]
[WhiteEngine "Cryptic AIL V2"]
[BlackEngine "Eman 1.67 64-bit POPCNT"]
[EventType "Round Robin"]
[WhiteTeam ""]
[BlackTeam ""]
[PlyCount "146"]
[TimeControl "300+1"]

1. d4 d5 2. c4 e6 3. Nc3 c6 4. e4 dxe4 5. Nxe4 Bb4+ 6. Bd2 Qxd4 7. Bxb4 Qxe4+ 
8. Ne2 Na6 9. Bf8 Ne7 10. Bxg7 Nb4 11. Qd6 Nd3+ 12. Kd2 Nf5 13. Qxd3 Qxd3+ 
14. Kxd3 Nxg7 15. Ng3 b6 16. Be2 Bb7 17. b4 c5 18. bxc5 Bxg2 19. Rhb1 bxc5 
20. Rb5 Ke7 21. Rxc5 Rac8 22. Ra5 Rc7 23. Rb1 Bb7 24. Ke3 a6 25. Re5 Rd8 
26. f4 Kf8 27. Rb6 Re7 28. Rb3 Rc7 29. Rb6 Re7 30. Rb3 Rc7 31. Rd3 Rdc8 
32. Rd1 Bg2 33. Rd6 Bb7 34. Rb6 Rd8 35. Rb2 Ke7 36. Rb6 Kf8 37. Rb2 Ke7 
38. Rd2 Rdc8 39. Rd1 Rb8 40. Rb1 Rd8 41. Rb2 Rd6 42. Rb3 Rd8 43. Rb4 Kf8 
44. h4 Re7 45. Rb3 Rc7 46. Rd3 Rdc8 47. Rd2 Ke7 48. Rg5 Ne8 49. f5 h6 
50. Rh5 Nf6 51. Rxh6 Rxc4 52. Bxc4 Ng4+ 53. Kd4 Nxh6 54. fxe6 Rd8+ 55. Kc3 Rxd2 
56. Kxd2 fxe6 57. Kc3 a5 58. Kd4 Kd6 59. a3 e5+ 60. Kc3 Bf3 61. Bb3 Bb7 
62. Bc2 Bd5 63. Be4 Bxe4 64. Nxe4+ Ke6 65. h5 Ng4 66. Nd2 Nf6 67. h6 Kf7 
68. Nc4 Kg6 69. Nxa5 e4 70. Kd4 Kxh6 71. Nc6 Kg5 72. a4 Kf5 73. a5 Ke6 1/2-1/2

[Event "Tuesday Night Round Robin Engine Tour 5m+1s Starts at 2200hrs ST"]
[Site "Infinity Chess"]
[Date "2018.1.23"]
[Round "2"]
[White "Dovahkiin"]
[Black "Victorious"]
[Result "1/2-1/2 "]
[ECO ""]
[WhiteElo "2445"]
[BlackElo "2509"]
[WhiteEngine "BrainFish_180113_x64_modern_CTG"]
[BlackEngine "asmFishW_2017-11-19_popcnt"]
[EventType "Round Robin"]
[WhiteTeam ""]
[BlackTeam ""]
[PlyCount "268"]
[TimeControl "300+1"]

1. e3 Nf6 2. d3 c5 3. d4 g6 4. Nf3 Bg7 5. Be2 d5 6. O-O O-O 7. dxc5 Ne4 
8. Nc3 Bxc3 9. bxc3 Nxc3 10. Qe1 Nxe2+ 11. Qxe2 Qc7 12. c4 Qxc5 13. cxd5 Qxd5 
14. e4 Qh5 15. Rb1 b6 16. Qe3 Qc5 17. Qxc5 bxc5 18. Ba3 Na6 19. Rb5 Rd8 
20. h3 Be6 21. Ra5 Rd6 22. Bc1 Bc4 23. Re1 Nb4 24. Bf4 Re6 25. Rc1 Rxe4 
26. Be3 Nxa2 27. Ra1 Bd5 28. Bxc5 Nc3 29. Rxa7 Rxa7 30. Rxa7 Kf8 31. Kh2 f6 
32. Nd4 Bf7 33. f3 Re5 34. Bb4 Nd5 35. Bd2 Be8 36. Rb7 h5 37. h4 Ba4 38. Kg3 Ne3 
39. Bb4 Nc2 40. Nxc2 Bxc2 41. Kf4 Ba4 42. Ra7 Bc6 43. Rc7 Bb5 44. Kg3 Ke8 
45. Rc8+ Kd7 46. Rg8 Bd3 47. Ra8 Re2 48. Ra3 Bf5 49. Kf4 Kd8 50. Ra8+ Bc8 
51. Ra7 Ke8 52. Kg3 Re6 53. Kh2 Bd7 54. Ra8+ Kf7 55. Rh8 Bb5 56. Rh7+ Ke8 
57. Rh8+ Kd7 58. Rh7 Re3 59. Kg1 Re2 60. Rg7 Bd3 61. Rh7 Bb5 62. Rg7 Bd3 
63. Rh7 Re3 64. Bc3 Ke8 65. Rh8+ Kf7 66. Bb4 Re5 67. Rh7+ Ke8 68. Rh8+ Kd7 
69. Ra8 Ke6 70. Ra7 Kf7 71. Rd7 Bc4 72. Rc7 Bd5 73. Kf2 Re6 74. Rd7 Bc4 
75. Rc7 Bd5 76. Ra7 Ke8 77. g4 Bc4 78. gxh5 Re2+ 79. Kg3 gxh5 80. Ra8+ Kf7 
81. Ra7 Re3 82. Bc5 Re6 83. Bb4 Bd5 84. Rd7 Bc6 85. Rc7 Be8 86. Kf2 Ba4 
87. Ra7 Be8 88. Ba3 Bc6 89. Bb4 Bb5 90. Kg3 Be2 91. Rc7 Ke8 92. Ra7 Re5 
93. Kf2 Bd1 94. Ra8+ Kd7 95. Ra1 Bc2 96. Ra7+ Kd8 97. Ra8+ Kd7 98. Ra7+ Ke8 
99. Ra8+ Kf7 100. Ra7 Re6 101. Kg3 Bd1 102. Rd7 Bb3 103. Rb7 Bd1 104. Rd7 Bb3 
105. Ra7 Bd5 106. Rd7 Ba2 107. Ra7 Bb1 108. Rd7 Re3 109. Kf2 Re5 110. Ra7 Bg6 
111. Kg3 Re2 112. Bd6 Re6 113. Bc5 Re1 114. Bb4 Re3 115. Kf2 Re5 116. Kg3 Re2 
117. Bc5 Bb1 118. Bd6 Re3 119. Bc5 Re2 120. Bb4 Bd3 121. Rc7 Bg6 122. Ra7 Kf8 
123. Kf4 Ke8 124. Kg3 Re3 125. Kf4 Re2 126. Kg3 e5 127. Re7+ Kd8 128. Re6 e4 
129. Rxf6 exf3 130. Kxf3 Re4 131. Ba5+ Kd7 132. Rxg6 Rxh4 133. Bd2 Rd4 
134. Bf4 h4 1/2-1/2

[Event "Tuesday Night Round Robin Engine Tour 5m+1s Starts at 2200hrs ST"]
[Site "Infinity Chess"]
[Date "2018.1.23"]
[Round "2"]
[White "incredible"]
[Black "RonWeasley"]
[Result "1/2-1/2"]
[ECO "E10"]
[WhiteElo "2458"]
[BlackElo "2501"]
[WhiteEngine "stockfish_18012314_x64_bmi2"]
[BlackEngine "BrainFish 130117_CTG"]
[EventType "Round Robin"]
[WhiteTeam ""]
[BlackTeam ""]
[PlyCount "204"]
[TimeControl "300+1"]

1. d4 Nf6 2. c4 e6 3. Nf3 d5 4. Nc3 c6 5. e3 Nbd7 6. Qc2 Bd6 7. Bd3 dxc4 
8. Bxc4 O-O 9. O-O a6 10. Rd1 b5 11. Bd3 Qc7 12. Bd2 c5 13. Ne4 c4 14. Nxd6 Qxd6 
15. Be2 Bb7 16. Ba5 Rfc8 17. Rac1 Rab8 18. Qd2 Qd5 19. Qe1 Ra8 20. Qf1 Qd6 
21. Qe1 Qd5 22. Bf1 Qd6 23. Bb4 Qb8 24. Be2 Bd5 25. Ng5 Bc6 26. Ba5 e5 
27. dxe5 Nxe5 28. Nh3 Ng6 29. Bc3 Ne4 30. Bd4 Bd7 31. Bf3 Qb7 32. Nf4 Nxf4 
33. exf4 Re8 34. b3 Bc6 35. Be2 cxb3 36. axb3 Rad8 37. Be5 f6 38. Rxd8 Rxd8 
39. Bb2 Qd7 40. h3 Qd2 41. Bf3 Qxe1+ 42. Rxe1 f5 43. Rc1 Bd5 44. b4 Rd7 
45. Be5 Kf7 46. Bxe4 Bxe4 47. f3 Bb7 48. Kh2 Ke6 49. Kg3 g6 50. Rc5 h6 
51. Rc2 Re7 52. Re2 Kd5 53. Rc2 Ke6 54. Ra2 Kd5 55. Rd2+ Kc4 56. Bf6 Rh7 
57. Rd4+ Kb3 58. Be5 Re7 59. Kh4 Ka4 60. g4 Bxf3 61. Rd6 fxg4 62. Rxa6+ Kb3 
63. hxg4 Be4 64. Rb6 Kc4 65. Rd6 Kb3 66. Rd4 Bb7 67. Rd8 Be4 68. Bd6 Rh7 
69. Rb8 Bd3 70. Re8 Kc4 71. Rc8+ Kb3 72. Re8 h5 73. Re7 Rxe7 74. Bxe7 hxg4 
75. Kxg4 Kc4 76. Kg5 Be4 77. Bc5 Bd3 78. Be7 Bb1 79. Kf6 Be4 80. Bc5 Kd5 
81. Kg5 Bb1 82. Kf6 Bd3 83. Kf7 Bf5 84. Ke7 Ke4 85. Bd6 Kd5 86. Bc5 Kc4 
87. Kf6 Kc3 88. Kg5 Bb1 89. Bf8 Bf5 90. Bc5 Bb1 91. Kh4 Be4 92. Kg4 Kc4 
93. Kg5 Bb1 94. Bd6 Kd4 95. Kf6 Kc4 96. Bc5 Be4 97. Kf7 Bc2 98. Kf6 Bb1 
99. Be7 Kd4 100. Bf8 Bd3 101. Kg5 Bb1 102. Bc5+ Kc3 1/2-1/2

[Event "Tuesday Night Round Robin Engine Tour 5m+1s Starts at 2200hrs ST"]
[Site "Infinity Chess"]
[Date "2018.1.23"]
[Round "2"]
[White "star99"]
[Black "KULLANI"]
[Result "1/2-1/2"]
[ECO "D44"]
[WhiteElo "2459"]
[BlackElo "2497"]
[WhiteEngine "Cryptic AIL V2"]
[BlackEngine "BrainFish_180113_x64_CTG"]
[EventType "Round Robin"]
[WhiteTeam ""]
[BlackTeam ""]
[PlyCount "78"]
[TimeControl "300+1"]

1. d4 d5 2. c4 e6 3. Nc3 Nf6 4. Nf3 c6 5. Bg5 h6 6. Bh4 dxc4 7. e4 g5 8. Bg3 b5 
9. Be2 Bb7 10. h4 g4 11. Ne5 Nbd7 12. Nxd7 Qxd7 13. Be5 Qe7 14. Bxg4 Rg8 
15. Bh3 b4 16. Ne2 Nxe4 17. Rc1 Rd8 18. Rxc4 c5 19. Qa4+ Qd7 20. Qxd7+ Rxd7 
21. f3 Ba6 22. Rc1 Nd6 23. Rxc5 Nc4 24. Rc6 Bb5 25. Rc8+ Rd8 26. Rxd8+ Kxd8 
27. Bf6+ Be7 28. Bxe7+ Kxe7 29. b3 Nb6 30. Kf2 Nd5 31. Rc1 Bxe2 32. Kxe2 Kf6 
33. Kf2 Nf4 34. Rc4 a5 35. g4 Nxh3+ 36. Kg3 Ng1 37. Kf2 Nh3+ 38. Kg3 Ng1 
39. Kf2 Nh3+ 1/2-1/2

[Event "Tuesday Night Round Robin Engine Tour 5m+1s Starts at 2200hrs ST"]
[Site "Infinity Chess"]
[Date "2018.1.23"]
[Round "2"]
[White "OlivierEvan"]
[Black "Cepri"]
[Result "1/2-1/2"]
[ECO "C55"]
[WhiteElo "2475"]
[BlackElo "2486"]
[WhiteEngine "Houdini 6"]
[BlackEngine "asmFishW_12J18Mb_CTG"]
[EventType "Round Robin"]
[WhiteTeam ""]
[BlackTeam ""]
[PlyCount "105"]
[TimeControl "300+1"]

1. e4 e5 2. Nf3 Nc6 3. Bc4 Nf6 4. d3 Bc5 5. c3 d6 6. O-O a5 7. Bg5 Ba7 
8. Nbd2 h6 9. Bh4 g5 10. Bg3 O-O 11. Bb3 Be6 12. a4 Kg7 13. h3 Qd7 14. Kh1 Rab8 
15. Bxe6 Qxe6 16. Rb1 Nd7 17. b4 axb4 18. cxb4 Ra8 19. a5 Ne7 20. Bh2 f5 
21. Qc2 Rac8 22. exf5 Nxf5 23. b5 Nf6 24. Rb4 Nd5 25. Rg4 Qf7 26. a6 bxa6 
27. bxa6 Nd4 28. Nxd4 Bxd4 29. Rg3 Qd7 30. Nf3 c5 31. Qd2 Rb8 32. Nxd4 cxd4 
33. Ra1 Rf4 34. h4 Rxh4 35. Rxg5+ Kh7 36. Rg3 Qe8 37. a7 Qh5 38. f3 Rxh2+ 
39. Kg1 Ra8 40. Qb2 Qh4 41. Qb7+ Ne7 42. Kf2 Rg8 43. Qxe7+ Qxe7 44. Rxg8 Qh4+ 
45. Ke2 Qf4 46. Kf2 Qe3+ 47. Kg3 Qf4+ 48. Kf2 h5 49. a8=Q Qe3+ 50. Kg3 Qf4+ 
51. Kf2 Qe3+ 52. Kg3 Qf4+ 53. Kf2 1/2-1/2

[Event "Tuesday Night Round Robin Engine Tour 5m+1s Starts at 2200hrs ST"]
[Site "Infinity Chess"]
[Date "2018.1.23"]
[Round "2"]
[White "angriff"]
[Black "MarioDeMonti"]
[Result "1/2-1/2"]
[ECO "E10"]
[WhiteElo "2425"]
[BlackElo "2480"]
[WhiteEngine "Raubfisch ME262_GTZ16b2_CTG"]
[BlackEngine "stockfish_x64_bmi2_2018_01_13_CTG"]
[EventType "Round Robin"]
[WhiteTeam ""]
[BlackTeam ""]
[PlyCount "46"]
[TimeControl "300+1"]

1. d4 Nf6 2. c4 e6 3. Nf3 d5 4. Nc3 c6 5. e3 Nbd7 6. Qc2 Bd6 7. Bd3 O-O 
8. O-O dxc4 9. Bxc4 b5 10. Be2 Bb7 11. e4 e5 12. dxe5 Nxe5 13. a3 Nxf3+ 
14. Bxf3 Re8 15. Be3 Be5 16. Rfe1 a6 17. Rad1 Qe7 18. g3 Bxc3 19. Qxc3 Nxe4 
20. Qd3 Nf6 21. Qc3 Ne4 22. Qd3 Nf6 23. Qc3 Ne4 1/2-1/2

[Event "Tuesday Night Round Robin Engine Tour 5m+1s Starts at 2200hrs ST"]
[Site "Infinity Chess"]
[Date "2018.1.23"]
[Round "1"]
[White "Cepri"]
[Black "MarioDeMonti"]
[Result "1/2-1/2"]
[ECO "D11"]
[WhiteElo "2486"]
[BlackElo "2480"]
[WhiteEngine "asmFishW_12J18Mb_CTG"]
[BlackEngine "stockfish_x64_bmi2_2018_01_13_CTG"]
[EventType "Round Robin"]
[WhiteTeam ""]
[BlackTeam ""]
[PlyCount "132"]
[TimeControl "300+1"]

1. d4 d5 2. c4 c6 3. Nf3 Nf6 4. g3 e6 5. Bg2 b6 6. O-O Bb7 7. Nc3 Be7 8. Nd2 O-O 
9. e4 Na6 10. e5 Nd7 11. cxd5 cxd5 12. Qg4 Nb4 13. Nf3 Kh8 14. a3 Nd3 
15. Rd1 Nxc1 16. Raxc1 Rc8 17. Bf1 h6 18. h4 Nb8 19. Qh5 Qe8 20. Bb5 Bc6 
21. Bd3 f5 22. Qxe8 Bxe8 23. Kg2 a6 24. Ne2 Bf7 25. Rh1 Rfe8 26. a4 Red8 
27. Nf4 g6 28. g4 fxg4 29. Nh2 g5 30. Rxc8 Rxc8 31. hxg5 Bxg5 32. Ne2 h5 
33. Nxg4 Rg8 34. Ng3 Kg7 35. Nxh5+ Bxh5 36. Rxh5 Kf7 37. Rh7+ Rg7 38. Rxg7+ Kxg7 
39. Ne3 Nc6 40. Bxa6 Nxd4 41. Kg3 Be7 42. Bc8 Kf7 43. f4 Bb4 44. f5 Be1+ 
45. Kg4 exf5+ 46. Bxf5 Nxf5 47. Kxf5 d4 48. Nd1 d3 49. Ke4 d2 50. b4 Bh4 
51. Kd3 Be7 52. Kxd2 b5 53. axb5 Ke6 54. Kc3 Kxe5 55. Kb3 Bd8 56. Nf2 Bh4 
57. Ng4+ Kd6 58. Kc4 Be1 59. Nf6 Bh4 60. Nd5 Bg5 61. Nb6 Be3 62. Na4 Bf2 
63. Nc3 Bh4 64. Ne2 Be7 65. Kc3 Bh4 66. Kb2 Be1 1/2-1/2

[Event "Tuesday Night Round Robin Engine Tour 5m+1s Starts at 2200hrs ST"]
[Site "Infinity Chess"]
[Date "2018.1.23"]
[Round "1"]
[White "KULLANI"]
[Black "OlivierEvan"]
[Result "1/2-1/2"]
[ECO "C50"]
[WhiteElo "2498"]
[BlackElo "2474"]
[WhiteEngine "BrainFish_180113_x64_CTG"]
[BlackEngine "Houdini 6"]
[EventType "Round Robin"]
[WhiteTeam ""]
[BlackTeam ""]
[PlyCount "237"]
[TimeControl "300+1"]

1. e4 e5 2. Nf3 Nc6 3. Bc4 Bc5 4. O-O Nf6 5. d3 d6 6. c3 a5 7. Re1 O-O 
8. Nbd2 h6 9. h3 Be6 10. Bb5 Qb8 11. Nf1 Qa7 12. Re2 a4 13. Ng3 Qa5 
14. Bxc6 bxc6 15. Nh4 Rfe8 16. Re1 d5 17. exd5 cxd5 18. Rxe5 Bf8 19. Qc2 c5 
20. Bd2 Nd7 21. Re2 c4 22. d4 a3 23. bxa3 Qxa3 24. Nf3 Reb8 25. Be3 Qa4 
26. Qd2 Rb6 27. Ne5 Rab8 28. f4 f5 29. Rae1 Nf6 30. Bf2 Qa6 31. Ng6 Ba3 
32. Nh4 Ne4 33. Qe3 Qc8 34. Nxe4 fxe4 35. g4 Bf7 36. f5 Ra8 37. Bg3 Qb7 
38. Ng2 Be7 39. Qd2 Bg5 40. Bf4 Bd8 41. h4 Ra5 42. Bg3 Rab5 43. Qf4 Qe7 
44. Rc2 Rb2 45. Rec1 R2b5 46. Ne3 Rb7 47. Kg2 R7b6 48. Qf2 Qa3 49. Kh3 Rb2 
50. Qe1 Qa6 51. Be5 Qb7 52. Qf2 Rxc2 53. Rxc2 Be8 54. Qf4 Rb2 55. Qf2 Rb6 
56. Re2 Bf7 57. a4 Rb3 58. Rc2 Qe7 59. a5 Bxa5 60. Ra2 Ra3 61. Bxg7 Rxa2 
62. Qxa2 Bc7 63. g5 hxg5 64. Ng4 gxh4 65. Qg2 Kxg7 66. f6+ Qxf6 67. Nxf6+ Kxf6 
68. Qf2+ Kg6 69. Qxh4 Be6+ 70. Kg2 Bd6 71. Qd8 Ba3 72. Kg3 Kf7 73. Kf4 Bf8 
74. Ke5 Bg7+ 75. Kd6 Bf8+ 76. Kc6 Be7 77. Qc7 Kf8 78. Qf4+ Kg7 79. Qg3+ Kf7 
80. Qe5 Bf8 81. Qc7+ Be7 82. Qe5 Bf8 83. Qh2 Be7 84. Qh7+ Kf6 85. Qh8+ Kf7 
86. Qh7+ Kf6 87. Qh6+ Kf7 88. Qh5+ Kg7 89. Qe5+ Kf7 90. Qf4+ Kg7 91. Qe5+ Kf7 
92. Qh5+ Kg7 93. Kc7 Ba3 94. Qg5+ Kf7 95. Qe5 Be7 96. Qf4+ Kg6 97. Qe5 Kf7 
98. Kb8 Bf8 99. Qf4+ Kg7 100. Qg5+ Kf7 101. Qf4+ Kg7 102. Kb7 Bf7 103. Qf5 Ba3 
104. Kc6 Kg8 105. Qg4+ Kh8 106. Kb5 Be8+ 107. Ka5 Bf7 108. Qg2 Bf8 109. Qg5 Ba3 
110. Ka6 Bf8 111. Qc1 Kg8 112. Qa1 Kg7 113. Qb1 Kh7 114. Qa1 Kg7 115. Qb1 Be7 
116. Qg1+ Kh7 117. Qa1 Bg5 118. Qg1 Kg6 119. Qa1 1/2-1/2

[Event "Tuesday Night Round Robin Engine Tour 5m+1s Starts at 2200hrs ST"]
[Site "Infinity Chess"]
[Date "2018.1.23"]
[Round "1"]
[White "RonWeasley"]
[Black "star99"]
[Result "1/2-1/2"]
[ECO "C55"]
[WhiteElo "2503"]
[BlackElo "2457"]
[WhiteEngine "BrainFish 130117_CTG"]
[BlackEngine "Cryptic AIL V2"]
[EventType "Round Robin"]
[WhiteTeam ""]
[BlackTeam ""]
[PlyCount "63"]
[TimeControl "300+1"]

1. e4 e5 2. Nf3 Nc6 3. Bc4 Nf6 4. d3 Be7 5. O-O d6 6. a4 O-O 7. Re1 Na5 
8. Ba2 c5 9. Bd2 Nc6 10. h3 Be6 11. Bxe6 fxe6 12. Na3 Qe8 13. c3 Qg6 14. b4 cxb4 
15. cxb4 Nh5 16. b5 Nb4 17. Bxb4 Nf4 18. g3 Nxh3+ 19. Kg2 Nf4+ 20. Kf1 Qg4 
21. gxf4 Rxf4 22. Re3 Raf8 23. Nc4 Rxf3 24. Rxf3 Rxf3 25. Bxd6 Qh3+ 
26. Ke2 Rxf2+ 27. Kxf2 Bh4+ 28. Kg1 Qg3+ 29. Kh1 Qh3+ 30. Kg1 Qg3+ 31. Kh1 Qh3+ 
32. Kg1 1/2-1/2

[Event "Tuesday Night Round Robin Engine Tour 5m+1s Starts at 2200hrs ST"]
[Site "Infinity Chess"]
[Date "2018.1.23"]
[Round "1"]
[White "Victorious"]
[Black "incredible"]
[Result "1/2-1/2"]
[ECO "A56"]
[WhiteElo "2511"]
[BlackElo "2456"]
[WhiteEngine "asmFishW_2017-11-19_popcnt"]
[BlackEngine "stockfish_18012314_x64_bmi2"]
[EventType "Round Robin"]
[WhiteTeam ""]
[BlackTeam ""]
[PlyCount "213"]
[TimeControl "300+1"]

1. d4 Nf6 2. c4 c5 3. d5 d6 4. Nc3 e6 5. e4 g6 6. Nf3 Bg7 7. Bd3 O-O 8. O-O exd5 
9. exd5 Bg4 10. h3 Bxf3 11. Qxf3 Nbd7 12. Qd1 Nh5 13. Rb1 f5 14. Be2 Nhf6 
15. Qc2 Re8 16. Bg5 a6 17. Rbe1 Qe7 18. g3 Qf8 19. Kg2 Re7 20. Qc1 Rae8 
21. Bh4 Qf7 22. Bg5 Qf8 23. b3 Ne5 24. Qd1 Bh6 25. Bxh6 Qxh6 26. f4 Nf7 
27. Bd3 Qf8 28. Rxe7 Qxe7 29. Rf2 Qe1 30. Rd2 Qe3 31. Re2 Qd4 32. Rxe8+ Nxe8 
33. Qd2 Nf6 34. Ne2 Qa1 35. Qc3 Qd1 36. Qc2 Qxc2 37. Bxc2 b5 38. a3 Nd8 
39. cxb5 axb5 40. Bd3 b4 41. axb4 cxb4 42. Nd4 Nb7 43. Nc6 Nc5 44. Bc4 Nfe4 
45. Nxb4 Nd2 46. g4 Ndxb3 47. Bxb3 Nxb3 48. g5 Nd2 49. h4 h6 50. Kf2 Ne4+ 
51. Kg2 Kg7 52. Nc2 h5 53. Nb4 Kf7 54. Kf3 Nd2+ 55. Ke2 Ne4 56. Na2 Ke7 
57. Ke3 Nc5 58. Nb4 Kd7 59. Kf3 Na4 60. Kf2 Nb6 61. Ke2 Na4 62. Kf2 Nb2 
63. Ke3 Nc4+ 64. Kd4 Nb6 65. Kd3 Kc8 66. Kc3 Na4+ 67. Kd2 Kc7 68. Ke3 Nc3 
69. Kd3 Na4 70. Kd2 Kc8 71. Nc2 Nb2 72. Ke3 Nc4+ 73. Kd4 Nb6 74. Na1 Kc7 
75. Nc2 Na4 76. Na1 Nb2 77. Nb3 Nd1 78. Na5 Nb2 79. Nc6 Kd7 80. Nb4 Na4 
81. Na2 Kc7 82. Nc1 Nc5 83. Na2 Ne4 84. Nc1 Nd2 85. Nd3 Kb6 86. Nb4 Nf3+ 
87. Ke3 Nxh4 88. Nc6 Ng2+ 89. Kf3 Ne1+ 90. Kg3 Kc5 91. Ne7 Nd3 92. Nxg6 Kxd5 
93. Kh4 Ke4 94. Nf8 Nxf4 95. g6 Nd5 96. g7 Ne7 97. Kg5 f4 98. Ng6 Ng8 
99. Nxf4 h4 100. Nh5 h3 101. Kg4 h2 102. Ng3+ Kd5 103. Kh3 h1=Q+ 104. Nxh1 Ke5 
105. Kg2 Nf6 106. Nf2 Kf5 107. Kf3 1/2-1/2

[Event "Tuesday Night Round Robin Engine Tour 5m+1s Starts at 2200hrs ST"]
[Site "Infinity Chess"]
[Date "2018.1.23"]
[Round "1"]
[White "Eman"]
[Black "Dovahkiin"]
[Result "1/2-1/2"]
[ECO "D31"]
[WhiteElo "2520"]
[BlackElo "2442"]
[WhiteEngine "Eman 1.67 64-bit POPCNT"]
[BlackEngine "BrainFish_180113_x64_modern_CTG"]
[EventType "Round Robin"]
[WhiteTeam ""]
[BlackTeam ""]
[PlyCount "82"]
[TimeControl "300+1"]

1. d4 d5 2. c4 e6 3. Nc3 c6 4. Nf3 Nf6 5. Bg5 h6 6. Bxf6 Qxf6 7. e3 Nd7 
8. Bd3 dxc4 9. Bxc4 g6 10. O-O Bg7 11. e4 e5 12. d5 Nb6 13. Bb3 Bg4 14. Re1 Bxf3 
15. Qxf3 Qxf3 16. gxf3 O-O 17. dxc6 bxc6 18. Na4 Rfc8 19. Red1 Rc7 20. Rd6 Nxa4 
21. Bxa4 Bf8 22. Rxc6 Rxc6 23. Bxc6 Rb8 24. b3 Ba3 25. Bd5 Rc8 26. Bc4 Rd8 
27. Bd5 Rc8 28. Rd1 Rc2 29. Bc4 Bc5 30. Rd5 Bxf2+ 31. Kh1 Rxa2 32. Rd7 Bd4 
33. Rxf7 Ra1+ 34. Kg2 Ra2+ 35. Kh3 Kh8 36. Rc7 Bg1 37. f4 Rxh2+ 38. Kg4 Rg2+ 
39. Kh3 Rh2+ 40. Kg4 Rg2+ 41. Kh3 Rh2+ 1/2-1/2

[Event "Tuesday Night Round Robin Engine Tour 5m+1s Starts at 2200hrs ST"]
[Site "Infinity Chess"]
[Date "2018.1.23"]
[Round "1"]
[White "SkyPilot"]
[Black "BraveDevil"]
[Result "1/2-1/2"]
[ECO "B90"]
[WhiteElo "2529"]
[BlackElo "2432"]
[WhiteEngine "stockfish_x64_bmi2_2018_01_13_CTG"]
[BlackEngine "Cryptic AIL V2"]
[EventType "Round Robin"]
[WhiteTeam ""]
[BlackTeam ""]
[PlyCount "122"]
[TimeControl "300+1"]

1. e4 c5 2. Nf3 d6 3. d4 cxd4 4. Nxd4 Nf6 5. Nc3 a6 6. Be3 e5 7. Nb3 Be7 
8. Be2 Be6 9. Qd3 Nc6 10. a3 O-O 11. O-O Rc8 12. Rfd1 Nd7 13. Rac1 Nc5 
14. Nxc5 dxc5 15. Qxd8 Rcxd8 16. Nd5 Bxd5 17. exd5 Nd4 18. Bf1 b5 19. c4 Rb8 
20. f4 f6 21. Bxd4 exd4 22. g3 Bd6 23. b4 Rfc8 24. bxc5 Rxc5 25. Rxd4 Rbc8 
26. Kf2 g6 27. Ke1 Kf8 28. Kd1 bxc4 29. Rcxc4 a5 30. Rxc5 Bxc5 31. Rc4 Ke7 
32. Bh3 f5 33. g4 fxg4 34. Bxg4 Rc7 35. a4 h5 36. Bh3 Bd6 37. Re4+ Kd8 
38. Be6 Rc3 39. h4 Ra3 40. Bf7 Ra1+ 41. Kc2 Ra2+ 42. Kb1 Rh2 43. Bxg6 Rxh4 
44. Kc2 Rh1 45. Re8+ Kc7 46. Kd3 h4 47. Rh8 Bxf4 48. Bf5 Kd6 49. Ke4 Bg5 
50. Be6 Re1+ 51. Kf5 Re5+ 52. Kg6 Bf4 53. Rxh4 Re4 54. Rh3 Rxa4 55. Rh7 Kc5 
56. Kf6 Rd4 57. Rh8 Kb6 58. Rc8 a4 59. d6 Bxd6 60. Rc4 Rxc4 61. Bxc4 a3 1/2-1/2

[Event "Tuesday Night Round Robin Engine Tour 5m+1s Starts at 2200hrs ST"]
[Site "Infinity Chess"]
[Date "2018.1.23"]
[Round "1"]
[White "KhalidOmar"]
[Black "angriff"]
[Result "1/2-1/2"]
[ECO "B00"]
[WhiteElo "2561"]
[BlackElo "2419"]
[WhiteEngine "Eman 1.67 64-bit BMI2"]
[BlackEngine "Raubfisch ME262_GTZ16b2_CTG"]
[EventType "Round Robin"]
[WhiteTeam ""]
[BlackTeam ""]
[PlyCount "159"]
[TimeControl "300+1"]

1. e4 Nc6 2. d4 d5 3. e5 Bf5 4. Nf3 e6 5. c3 f6 6. Bb5 Nge7 7. exf6 gxf6 
8. Nh4 Bg6 9. O-O a6 10. Be2 Qd7 11. Re1 Bf7 12. Nd2 Ng6 13. Ndf3 Nxh4 
14. Nxh4 Rg8 15. Bf4 e5 16. dxe5 fxe5 17. Bxe5 Nxe5 18. Bd3 Qe6 19. Nf3 Bg7 
20. Nxe5 Bxe5 21. Qe2 Bxh2+ 22. Kxh2 Qxe2 23. Rxe2+ Kf8 24. Kg1 Rg7 25. f3 Bg6 
26. Rd1 Rd8 27. Kf2 c6 28. a3 Rd6 29. Re5 Kf7 30. f4 Re6 31. Rxe6 Kxe6 
32. Be2 h5 33. g3 Rh7 34. Rh1 a5 35. b3 Kd7 36. Re1 Kd6 37. Bf3 Rh8 38. Rc1 Rh7 
39. b4 axb4 40. axb4 Ke6 41. Re1+ Kf6 42. Rh1 Kf5 43. Ke3 Re7+ 44. Kf2 Rh7 
45. Ke3 Kf6 46. Bd1 Re7+ 47. Kf2 Rh7 48. Ke3 Rh8 49. Be2 Rh7 50. Rh4 Re7+ 
51. Kf2 Rh7 52. Bf3 Ke6 53. Ke3 Kd6 54. Rh1 Ke6 55. Kd4 Kd6 56. c4 dxc4 
57. Kxc4 Rg7 58. Bxh5 b5+ 59. Kd4 Bxh5 60. Rxh5 Rxg3 61. Rh7 Rf3 62. Rh6+ Kd7 
63. Rh7+ Kd6 64. Ke4 Rg3 65. Rh5 Rb3 66. Rh6+ Ke7 67. f5 Rxb4+ 68. Ke5 Rc4 
69. f6+ Kd7 70. Rh7+ Ke8 71. Kd6 b4 72. f7+ Kf8 73. Ke6 Re4+ 74. Kd6 b3 
75. Rh2 Rc4 76. Ke6 Re4+ 77. Kd6 b2 78. Rxb2 Kxf7 79. Rf2+ Kg6 80. Kxc6 1/2-1/2